 Dungeon Crawl Stone Soup version 0.23.2-40-g277498a001 (webtiles) character file.

Game seed: 1090565715722879093

57 Descartes the Gusty (level 4, 0/24 HPs)
             Began as a Tengu Air Elementalist on Aug 30, 2019.
             Succumbed to an adder's poison
             ... on level 2 of the Dungeon.
             The game lasted 00:04:23 (1426 turns).

Descartes the Gusty (Tengu Air Elementalist)        Turns: 1426, Time: 00:04:23

Health: 0/24       AC:  2    Str:  8    XL:     4   Next: 0%
Magic:  2/8        EV: 18    Int: 22    God:
Gold:   81         SH:  2    Dex: 19    Spells: 6/7 levels left

rFire    . . .     SeeInvis .   b - +0 dagger
rCold    . . .     Gourm    .   (no shield)
rNeg     . . .     Faith    .   a - +0 robe
rPois    .         Spirit   .   (helmet restricted)
rElec    .         Reflect  +   (no cloak)
rCorr    .         Harm     .   (no gloves)
MR       .....                  (boots unavailable)
Stlth    +++.......             f - +2 amulet of reflection
HPRegen  0.08/turn              (no ring)
MPRegen  0.11/turn              (no ring)

@: brilliant, agile, lethally poisoned (0 -> -3), berserk cooldown, slowed, very
slow
A: beak, talons 3
a: no special abilities


You were on level 2 of the Dungeon.
You were hungry.

You visited 1 branch of the dungeon, and saw 2 of its levels.

You collected 81 gold pieces.

Inventory:

Hand Weapons
 b - a +0 dagger (weapon)
Armour
 a - a +0 robe (worn)
 h - a cursed +0 pair of boots
 k - a cursed -1 leather armour
Jewellery
 d - an uncursed ring of positive energy
 f - a +2 amulet of reflection (around neck)
Scrolls
 e - a scroll of blinking {unknown}
 g - a scroll of magic mapping {unknown}
 i - 2 scrolls of identify {unknown}
 o - a scroll of teleportation {unknown}
Comestibles
 c - 3 rations
 n - 5 chunks of flesh


   Skills:
 + Level 0.7 Fighting
 + Level 1.0 Short Blades
 + Level 0.8 Armour
 + Level 2.4 Dodging
 + Level 2.2 Stealth
 * Level 2.3 Spellcasting
 * Level 2.4 Conjurations
 * Level 4.4 Air Magic


You had 6 spell levels left.
You knew the following spells:

 Your Spells              Type           Power        Failure   Level  Hunger
a - Shock                 Conj/Air       ####         1%          1    None

Your spell library contained the following spells:

 Spells                   Type           Power        Failure   Level  Hunger
 Swiftness                Chrm/Air       ####....     1%          2    ##.....
 Static Discharge         Conj/Air       ####....     1%          3    ###....
 Airstrike                Air            #####.....   2%          4    ####...
 Lightning Bolt           Conj/Air       ####......   10%         5    ######.


Dungeon Overview and Level Annotations

Branches:
Dungeon (2/15)

Altars:

Portals:
Abyss: D:1***


Innate Abilities, Weirdness & Mutations

You have a beak for a mouth.
You have claws for feet.


Message History

You feel agile all of a sudden.
It was a potion of brilliance.
You feel clever all of a sudden.
* * * LOW HITPOINT WARNING * * *
You feel sick.
It was a potion of berserk rage.
A red film seems to cover your vision as you go berserk!
You feel yourself moving faster!
You feel mighty!
You feel a strong urge to attack something.
* * * LOW HITPOINT WARNING * * *
You feel sick.
You feel your anger nearly subside.
You are no longer berserk.
You are exhausted.
You feel yourself slow down.
* * * LOW HITPOINT WARNING * * *
You feel sick.
* * * LOW HITPOINT WARNING * * *
You feel sick.
You aren't carrying any potions.
You die...

#.......######
#...)........#
#............#
#..........).#
##########............# #
#...........##........#
##.##...........##........#
...............>##.).######
#..รท....@...##...# #
#...........##...#
#.##.....%..........#
#..................
####...............
#...............
##.#########.... #.# ....
#.# ..


There were no monsters in sight!

Vanquished Creatures
  2 adders (D:2)
  A leopard gecko (D:2)
  5 giant cockroaches
  6 hobgoblins
  4 ball pythons
  4 bats
  2 frilled lizards
  7 goblins
  4 kobolds (D:1)
  2 rats (D:1)
37 creatures vanquished.

Notes
Turn   | Place    | Note
-------+----------+-------------------------------------------
     0 | D:1      | Descartes the Tengu Air Elementalist began the quest for
                  | the Orb.
     0 | D:1      | Reached XP level 1. HP: 10/10 MP: 4/4
   142 | D:1      | Reached XP level 2. HP: 15/15 MP: 3/6
   794 | D:1      | Reached XP level 3. HP: 20/20 MP: 4/7
  1378 | D:2      | Reached skill level 1 in Short Blades
  1412 | D:2      | Reached XP level 4. HP: 6/24 MP: 0/8
  1424 | D:2      | HP: 1/24 [poisoned by an adder]
  1426 | D:2      | Succumbed to an adder's poison

Skill      XL: |  1  2  3 |
---------------+----------+-----
Conjurations   | 2 |  2.4
Short Blades   | 1 |  1.0
Fighting       | |  0.7
Armour         | |  0.8
Dodging        | |  2.4
Stealth        | |  2.2
Spellcasting   | |  2.3
Air Magic      | |  4.4

Action                   |  1- 3 |  4- 6 || total
-------------------------+-------+-------++-------
Melee: Dagger            |     2 |       ||     2
       Peck              |     1 |       ||     1
       Kick              |     1 |       ||     1
 Cast: Shock             |    64 |     1 ||    65
  Use: Potion            |       |     3 ||     3
  Eat: Chunk             |     2 |       ||     2
Armor: Robe              |     2 |       ||     2
Dodge: Dodged            |    11 |       ||    11
